AoeStats
← ZealoT

Arabia

510858792Analyzed
1v1 RM · 16h ago on Oct 2, 2026· 40m 9s· 2 players
Game mode
Random Map
Map size
Tiny (2 player)
Population
200
Speed
Normal
Resources
Standard
Victory
Conquest
Starting age
Dark Age
Ending age
Imperial Age
RankedLock teamsTeams togetherTeam positionsShared explorationLock speedFull tech treeHidden civsTurbo modeCheats
Victory
Defeat
🇬🇹 Magyars · Guatemala
1985
+10
🇲🇽 Franks · Mexico
1840
-10
NoToxic_MK
5:55 Loom
8:44 Feudal Age
9:28 Double-Bit Axe
20:10 Castle Age
18:56 Gold Mining
21:13 Bow Saw
21:00 Elite Skirmisher
21:31 Fletching
22:06 Padded Archer Armor
22:08 Bodkin Arrow
23:12 Town Watch
26:11 Ballistics
26:42 Stone Mining
30:55 Sanctity
37:42 Wheelbarrow
37:35 Scale Mail Armor
37:46 Forging
37:27 Pikeman
37:53 Gambesons
38:08 Squires
38:35 Forging
ZealoT
6:32 Loom
9:00 Feudal Age
9:47 Double-Bit Axe
10:40 Horse Collar
14:51 Wheelbarrow
19:39 Castle Age
18:50 Bloodlines
19:24 Fletching
20:58 Bow Saw
22:17 Ballistics
22:17 Padded Archer Armor
22:18 Bodkin Arrow
26:35 Scale Barding Armor
30:20 Chain Barding Armor
36:38 Imperial Age
38:22 Plate Barding Armor
37:44 Cavalier
38:20 Light Cavalry
Connection lost

Rejoining the realm…

Still unreachable

The connection could not be restored.

Session expired

The server has moved on; the page needs a fresh start.